 Dungeon Crawl Stone Soup version 0.18-a0-867-gfd1cc8f (webtiles) character file.

150 timbw the Skirmisher (level 5, -6/30 HPs)
             Began as a Vine Stalker Wanderer on Dec 21, 2015.
             Mangled by Menkaure (12 damage)
             ... on level 5 of the Dungeon.
             The game lasted 00:02:45 (608 turns).

timbw the Skirmisher (Vine Stalker Wanderer)         Turns: 608, Time: 00:02:45

Health: -6/30      AC:  4    Str: 14    XL:     5   Next: 32%
Magic:  0/6        EV: 11    Int: 14    God:
Gold:   39         SH:  0    Dex: 13    Spells: 0 memorised, 4 levels left

rFire  . . .     SeeInvis .     a - +2 falchion
rCold  . . .     Gourm    .     m - +0 leather armour
rNeg   . . .     Faith    .     (no shield)
rPois  .         Spirit   +     (no helmet)
rElec  .         Dismiss  .     (no cloak)
rCorr  .         Reflect  .     (no gloves)
SustAt .         Harm     .     k - +0 pair of boots (curse)
MR     .....                    (no amulet)
Stlth  ++........               (no ring)
                                h - ring of wizardry

@: very slightly contaminated, slowed, very slow, not resistant to hostile
enchantments, unstealthy
A: fangs 2, regeneration 1, magic shield, antimagic bite, no device heal 3, rot
immunity
a: no special abilities


You were on level 5 of the Dungeon.
You were not hungry.

You visited 1 branch of the dungeon, and saw 6 of its levels.

You collected 39 gold pieces.

Inventory:

Hand Weapons
 a - a +2 falchion (weapon)
 d - a +0 dagger
Armour
 c - a +0 robe
 k - a cursed +0 pair of boots (worn)
 m - a +0 leather armour (worn)
Jewellery
 h - a ring of wizardry (left hand)
Scrolls
 e - a scroll of remove curse {unknown}
Comestibles
 f - 2 bread rations
 g - 2 beef jerkies
 i - a royal jelly
 l - a meat ration


   Skills:
 - Level 4.5 Fighting
 + Level 4.5 Long Blades
 - Level 1.0 Dodging
 - Level 2.4 Stealth
   Level 1.0 Evocations


You had 4 spell levels left.
You didn't know any spells.

Dungeon Overview and Level Annotations

Branches:
Dungeon (6/15)
 Temple: D:4-7

Altars:

Portals:
Sewer: D:3

Annotations:
D:5 Menkaure
D:6 Edmund


Innate Abilities, Weirdness & Mutations

You have extremely sharp teeth.
Your natural rate of healing is unusually fast.
When hurt, damage is shared between your health and your magic reserves.
Your bite disrupts and absorbs the magic of your enemies.
Potions and wands cannot restore your health.
You are immune to rotting.


Message History

You see here 3 chunks of flesh.
There is a stone staircase leading down here.
Menkaure, Prince of Dust comes into view.
Found 5 large rocks.
Menkaure shouts!
You hear a shout!
The orc wizard shouts!
You hear a shout!
Menkaure hits you.
You hit Menkaure.
Menkaure is moderately damaged.
Menkaure hits you!
* * * LOW HITPOINT WARNING * * *
Menkaure calls on the powers of darkness!
Your body is wracked with pain!
* * * LOW HITPOINT WARNING * * *
The orc wizard convulses! x2
The orc convulses!
You barely miss Menkaure. You bite Menkaure.
Menkaure's magic leaks into the air.
You drain his magic.
You feel invigorated.
Menkaure is moderately damaged.
Menkaure hits you!
You die...

########### #...%.....#
# #....>....##### .
#.............. #.
#.........####
.##.###.........#######.
.......####.####........
.......# #.# #@########.
.......# #.# #.M# #.# #
.......# #......o .# #..
.. .......#
............# #..# ..
.....).#
..............##..# ...
.......#
.......(..........###...
........
............o......>....
.......#
.............o....%.....
#.#.....
...........o..#...


You could see Menkaure, an orc wizard and 2 orcs.

Vanquished Creatures
  A scorpion (D:5)
  A crimson imp (D:5)
  A river rat (D:3)
  2 adders
  2 worms (D:3)
  3 giant geckos
  2 orcs
  3 bats
  2 hobgoblins
  2 kobolds
  3 giant cockroaches
  A giant gecko skeleton (D:5)
  A giant newt (D:2)
  6 rats (D:3)
30 creatures vanquished.

Notes
Turn   | Place    | Note
--------------------------------------------------------------
     0 | D:1      | timbw the Vine Stalker Wanderer began the quest for the Orb.
     0 | D:1      | timbw set off with: a +2 falchion, 2 potions of curing, a +0 robe, a +0 dagger, a bread ration
     0 | D:1      | Reached XP level 1. HP: 14/14 MP: 2/2
   133 | D:1      | Reached XP level 2. HP: 16/18 MP: 3/3
   256 | D:2      | Reached XP level 3. HP: 15/21 MP: 2/4
   374 | D:3      | Found a glowing drain.
   435 | D:5      | Entered Level 5 of the Dungeon
   452 | D:5      | Reached XP level 4. HP: 6/26 MP: 1/5
   555 | D:5      | Noticed Edmund
   579 | D:5      | Reached XP level 5. HP: 10/30 MP: 2/6
   604 | D:5      | Noticed Menkaure
   608 | D:5      | Mangled by Menkaure

Vault maps used:
D:1:      saegor_arrival_simple_d, serial_park_tiny_2, roderic_roman_lattice,
          okawaru_ov_weapons_minmay
D:2:      lemuel_blue_sif_altar, uniq_crazy_yiuf_cottage
D:3:      portal_sewer_entry_e, uniq_terence
D:4:      corexii_checkpoint_a
D:5:      zin_angel, lemuel_coloured_pillars_altar, gup_ossuary_entry_pyramid,
          first_bread, corner_web_ring, uniq_prince_ribbit1, uniq_duvessa,
          uniq_edmund, uniq_menkaure
D:6:      overflow_temple_1_default, hangedman_decor_clover_reticule

Action                   |  1- 3 |  4- 6 || total
-------------------------+-------+-------++-------
Melee: Falchion          |    99 |    21 ||   120
  Use: Potion            |       |     3 ||     3
 Stab: Sleeping          |     4 |       ||     4
